Map: Remanso LE

Players

IagoAbreu

  • Race: Zerg Zerg
  • League: Gold
  • Spawn Location: 11:00

Ryuzake - Winner!

  • Race: Terran Terran
  • League: Gold
  • Spawn Location: 5:00

VOD

Have the link to the VOD?

Description

Time

  • Played on: May 14, 2018, 12:58 p.m.
  • Length: 12:59
Show
View Real Time Build Order
Export as new Build Order

IagoAbreu Zerg 

Build Orders: Hatch First 

Get SALT Encoding   

  12  0:01  Drone  
  13  0:14  Overlord  
  13  0:19  Drone  
  14  0:27  Extractor  
  14  0:28  Drone  
  14  0:33  Drone  
  15  0:39  Evolution Chamber  
  14  0:45  Drone  
  15  0:53  Drone  
  16  1:14  Hatchery  
  16  1:16  Drone  
  16  1:17  Drone  
  17  1:33  Spawning Pool  
  17  1:37  Drone  
  17  1:41  Drone  
  17  1:43  Drone  
  19  1:52  Overlord  
  19  2:03  Overlord  
  19  2:18  Drone  
  20  2:24  Roach Warren  
  20  2:27  Drone  
  20  2:31  Zerg Missile Weapons Level 1  
  20  2:38  Queen  
  22  2:53  Zergling x4  
  22  2:54  Zergling x2  
  25  3:05  Spine Crawler  
  25  3:12  Spine Crawler  
  23  3:19  Roach x2  
  27  3:24  Overlord  
  27  3:27  Drone  
  28  3:43  Roach x2  
  30  4:32  Roach x5  
  30  4:33  Roach  
  41  4:46  Roach x2  
  31  5:14  Roach x2  
  31  5:17  Queen  
  25  5:30  Roach x2  
  25  5:43  Roach  
  23  6:00  Roach  
  25  6:05  Lair  
  25  6:09  Zergling x6  
  26  6:19  Roach x2  
  30  6:29  Drone  
  30  6:30  Roach x2  
  30  6:31  Roach  
  37  6:48  Spore Crawler  
  37  6:50  Spine Crawler  
  37  6:52  Roach x2  
  23  7:34  Queen, Hydralisk Den  
  22  7:37  Zergling x2  
  22  7:38  Zergling x4  
  22  8:02  Hatchery  
  21  8:06  Extractor  
  21  8:07  Drone x2  
  22  8:14  Queen  
  24  8:31  Spore Crawler  
  22  9:06  Zerg Missile Weapons Level 2  
  22  9:07  Roach  
  22  9:08  Hydralisk  
  22  9:09  Hydralisk x2  
  30  9:14  Zergling x4  
  32  9:41  Hydralisk x3  
  33  10:05  Hydralisk x2  
  33  10:06  Hydralisk  
  39  10:21  Hydralisk x2, Overlord x2  
  39  10:25  Overlord  
  43  10:45  Queen  
  45  10:56  Overseer  
  45  11:01  Drone x4  
  45  11:02  Drone  
  50  11:05  Extractor  
  50  11:09  Extractor  
  48  11:22  Overseer  
  48  11:25  Overseer  
  48  11:44  Grooved Spines  
  48  11:51  Drone x3  
  50  12:16  Hydralisk x2  
Show
View Real Time Build Order
Export as new Build Order

Ryuzake Terran - Winner!

Build Orders: Liberator Opening, MMM Bio 

Get SALT Encoding   

  12  0:02  SCV  
  14  0:14  SCV  
  14  0:21  Supply Depot  
  14  0:26  SCV  
  15  0:32  Refinery  
  15  0:44  Barracks  
  15  0:46  SCV  
  16  0:58  SCV  
  17  1:11  SCV  
  18  1:23  SCV  
  18  1:25  Refinery  
  19  1:31  Supply Depot  
  19  1:33  Barracks Tech Lab  
  19  1:35  SCV  
  20  1:42  Engineering Bay  
  20  1:47  SCV  
  20  1:51  Marine  
  22  1:54  Stimpack  
  22  1:59  SCV  
  23  2:09  Marine  
  23  2:11  SCV  
  25  2:19  Supply Depot  
  25  2:23  SCV  
  25  2:27  Marine  
  27  2:33  Factory  
  27  2:39  Barracks  
  27  2:45  Marine  
  28  3:15  Marine  
  28  3:20  Factory Reactor  
  28  3:28  Starport  
  28  3:29  Barracks Reactor  
  28  3:33  Marine  
  29  3:43  Orbital Command  
  29  3:47  Supply Depot  
  29  3:50  Supply Depot  
  29  3:51  Liberator  
  29  4:07  Cyclone x2  
  38  4:11  Marine  
  38  4:12  Marine  
  39  4:29  Marine x2  
  36  4:47  Marine x2  
  35  5:05  Marine  
  26  5:42  Cyclone x2  
  29  5:57  Marine x2  
  31  6:04  Liberator  
  31  6:15  Marine x2  
  36  6:26  SCV  
  37  6:33  Marine x2  
  39  6:47  Supply Depot  
  39  6:49  Supply Depot  
  39  6:53  SCV  
  39  7:08  Marine x2, SCV  
  42  7:26  Marine x2  
  44  7:57  SCV  
  45  7:58  Supply Depot  
  45  8:00  Supply Depot  
  45  8:09  SCV  
  46  8:21  SCV  
  47  8:33  SCV  
  47  8:34  Medivac  
  50  8:36  Barracks  
  50  8:48  Hellion x2  
  54  9:02  Command Center  
  54  9:04  Medivac  
  54  9:09  Hellion x2  
  60  9:26  Barracks Tech Lab  
  60  9:28  Marine x2  
  62  9:46  Marine x2  
  62  10:04  Marine x2  
  64  10:26  Marine x2  
  66  10:30  Cyclone x2  
  72  10:44  Marine x2, Combat Shields  
  72  10:46  Terran Infantry Weapons Level 1  
  72  10:48  Starport Reactor  
  74  11:02  Hellion x2  
  78  11:06  Barracks  
  78  11:14  Orbital Command  
  78  11:15  Liberator  
  78  11:16  SCV  
  79  11:20  Liberator  
  79  11:28  SCV  
  80  11:33  Armory  
  86  11:41  Supply Depot  
  86  12:03  SCV  
  87  12:15  SCV  
  91  12:27  SCV, Unknown  
Tags
 
Add a new tag
Caveats
  • Supply blocks, unpowered buildings, or Contaminate may cause inaccurate times.
  • Supply counts are checked every 10 seconds.